 Dungeon Crawl Stone Soup version 0.31-a0-174-g85c54bcb58 (webtiles) character file.

Game seed: 12993158866987040831

536 qw the Shield-Bearer (level 7, -11/44 HPs)
             Began as a Gargoyle Fighter on June 15, 2023.
             Mangled by an ice beast (14 damage)
             ... on level 7 of the Dungeon.
             The game lasted 00:01:54 (3419 turns).

qw the Shield-Bearer (Gargoyle Fighter)             Turns: 3419, Time: 00:01:55

Health: -11/44     AC: 11    Str: 22    XL:     7   Next: 25%
Magic:  7/7        EV:  9    Int:  8    God:
Gold:   207        SH:  8    Dex:  9    Spells: 6/6 levels left

rFire   . . .        Y - +0 war axe
rCold   . . .        n - +0 kite shield
rNeg    + . .        b - +0 scale mail
rPois   inf          (no helmet)
rElec   +            (no cloak)
rCorr   +            (no gloves)
SInv    .            (no boots)
Will    +....        (no amulet) Stlth
                     f - ring of willpower
HPRegen 0.27/turn    a - ring of resist corrosion
MPRegen 0.10/turn

%: no passive effects
@: no status effects
A: sickness immunity, AC +4, negative energy resistance 1, electricity
resistance, torment resistance 1, petrification resistance
a: no special abilities


You were on level 7 of the Dungeon.
You visited 1 branch of the dungeon, and saw 5 of its levels.

You collected 207 gold pieces.


Innate Abilities, Weirdness & Mutations

You are immune to sickness and miasma.
Your stone body is resilient. (AC +4)
You are immune to poison.
You resist negative energy. (rN+)
You are resistant to electric shocks. (rElec)
You are resistant to unholy torment.
You are immune to petrification.


   Skills:
 - Level 4.4 Fighting
 - Level 5.0 Axes
 - Level 3.2 Armour
 - Level 2.0 Dodging
 + Level 5.2 Shields


You had 6 spell levels left.
You didn't know any spells.
Your spell library was empty.

Inventory:

Hand Weapons
 g - a +0 flail
 Y - a +0 war axe (weapon)
Missiles
 c - 4 boomerangs (quivered)
Armour
 b - a +0 scale mail (worn)
 n - a +0 kite shield (worn)
Jewellery
 a - a ring of resist corrosion (right hand)
 f - a ring of willpower (left hand)
Scrolls
 e - a scroll of amnesia {unknown}
 h - 3 scrolls of identify
Potions
 d - 2 potions of might
 i - a potion of cancellation {unknown}
 k - a potion of berserk rage {unknown}
 l - 2 potions of magic
 p - 2 potions of curing {unknown}

Dungeon Overview and Level Annotations

Branches:
Dungeon (4/15)
 Temple: D:4-7

Altars:
Kikubaaqudgha


Message History

You hit the shadow imp.
You kill the shadow imp!
You hear the brisk hiss of a very distant avalanche of sand.
An ice beast comes into view.
You throw a boomerang. The boomerang hits the ice beast.
The ice beast is lightly wounded.
You closely miss the ice beast.
The ice beast is lightly wounded.
The ice beast barely misses you. The ice beast closely misses you.
You hit the ice beast.
The ice beast is lightly wounded.
The ice beast barely misses you.
You closely miss the ice beast.
The ice beast is lightly wounded.
The ice beast closely misses you.
You barely miss the ice beast.
The ice beast is lightly wounded.
The ice beast hits you. The ice beast freezes you!
The ice beast hits you but does no damage.
You hit the ice beast but do no damage.
The ice beast is lightly wounded.
You block the ice beast's attack.
You barely miss the ice beast.
The ice beast is lightly wounded.
The ice beast hits you but does no damage.
You slash the ice beast!
The ice beast is heavily wounded.
The ice beast hits you. The ice beast freezes you!
You block the ice beast's attack.
You slash the ice beast!
The ice beast is severely wounded.
The ice beast hits you but does no damage.
You closely miss the ice beast.
The ice beast is severely wounded.
You block the ice beast's attack.
You closely miss the ice beast.
The ice beast is severely wounded.
The ice beast hits you. The ice beast freezes you! The ice beast hits you.
The ice beast freezes you!
You die...

# #.#
#.# #.#
###.###
#.....#
#.###.#
#. #.#
#.###.#
#..Y@.#
##.####
.. #. #


You could see an ice beast.

Vanquished Creatures
  A black bear (D:7)
  A sky beast (D:7)
  An ogre (D:4)
  A hound (D:4)
  Ijyb (D:3)
  An iguana (D:7)
  9 adders
  2 shadow imps (D:7)
  An ufetubus (D:4)
  3 worms
  3 dart slugs
  3 orcs
  6 endoplasms
  8 giant cockroaches
  8 goblins
  A hobgoblin (D:2)
  6 jackals (D:2)
  9 kobolds
  7 ball pythons
  A bat (D:2)
  2 frilled lizards
  13 rats
88 creatures vanquished.

Vanquished Creatures (others)
  A hound (D:4)
1 creature vanquished.

Grand Total: 89 creatures vanquished

Notes
Turn   | Place    | Note
-------+----------+-------------------------------------------
     0 | D:1      | qw the Gargoyle Fighter began the quest for the Orb.
     0 | D:1      | Reached XP level 1. HP: 14/14 MP: 1/1
     0 | D:1      | 0 ||| qw: Version: 0.2-a-29-g511e9b1
     0 | D:1      | 0 ||| qw: Game counter: 5611
     0 | D:1      | 0 ||| qw: Always use a shield: true
     0 | D:1      | 0 ||| qw: God list: Okawaru
     0 | D:1      | 0 ||| qw: Allow faded altars: false
     0 | D:1      | 0 ||| qw: Do Orc after D:15 true
     0 | D:1      | 0 ||| qw: Do second Lair branch before Depths: true
     0 | D:1      | 0 ||| qw: Lair rune preference: random
     0 | D:1      | 0 ||| qw: Plans: Normal, Zot:1-4, Slime:5, God:TSO, Crypt,
                  | Tomb, Abyss, Pan, Hells, Win
     0 | D:1      | 0 ||| PLANNING D:1-11
   115 | D:1      | Found a faded altar of an unknown god.
   183 | D:1      | 183 ||| Stepping ~*~*~tactically~*~*~ (hiding).
   185 | D:1      | 185 ||| Stepping ~*~*~tactically~*~*~ (hiding).
   217 | D:1      | 217 ||| Stepping ~*~*~tactically~*~*~ (hiding).
   392 | D:1      | 392 ||| DROPPING +0 whip.
   432 | D:1      | Reached XP level 2. HP: 19/19 MP: 2/2
   709 | D:1      | 709 ||| READING scroll labelled DODGHA CIHORI.
   710 | D:1      | 710 ||| READING scroll labelled GEUDGH MOKEGECE.
   774 | D:2      | 774 ||| Stepping ~*~*~tactically~*~*~ (stealth).
   775 | D:2      | 775 ||| Stepping ~*~*~tactically~*~*~ (stealth).
   790 | D:2      | Reached skill level 3 in Axes
   790 | D:2      | Reached XP level 3. HP: 19/23 MP: 3/3
   812 | D:2      | 812 ||| Stepping ~*~*~tactically~*~*~ (stealth).
   865 | D:2      | 865 ||| Stepping ~*~*~tactically~*~*~ (stealth).
   911 | D:2      | 911 ||| Stepping ~*~*~tactically~*~*~ (hiding).
  1013 | D:2      | Reached XP level 4. HP: 28/28 MP: 4/4
  1372 | D:2      | 1372 ||| UPGRADING to ring of willpower.
  1373 | D:2      | 1373 ||| READING scroll labelled LEERIT WIEMA.
  1374 | D:2      | 1374 ||| READING scroll labelled VUADED WISEDUO.
  1375 | D:2      | 1375 ||| DRINKING 2 brown potions.
  1376 | D:2      | 1376 ||| DRINKING 2 lumpy green potions.
  1403 | D:3      | 1403 ||| PLANNING SEWER
  1545 | D:3      | 1545 ||| Stepping ~*~*~tactically~*~*~ (stealth).
  1546 | D:3      | 1546 ||| Stepping ~*~*~tactically~*~*~ (stealth).
  1717 | D:3      | Reached XP level 5. HP: 27/32 MP: 5/5
  1795 | D:3      | Noticed Ijyb
  1796 | D:3      | 1796 ||| Stepping ~*~*~tactically~*~*~ (hiding).
  1819 | D:3      | Killed Ijyb
  2067 | D:3      | 2067 ||| RIP SEWER
  2189 | D:3      | 2189 ||| PLANNING D:1-11
  2336 | D:3      | 2336 ||| UPGRADING to +0 kite shield.
  2346 | D:3      | 2346 ||| DROPPING +0 buckler.
  2347 | D:3      | 2347 ||| UPGRADING to ring of resist corrosion.
  2348 | D:3      | 2348 ||| READING scroll labelled DOUSTEGUYPT.
  2349 | D:3      | 2349 ||| READING scroll labelled YLEUSUE HUVUTT.
  2354 | D:3      | 2354 ||| READING scroll labelled RALU INAPALL.
  2355 | D:3      | 2355 ||| READING scroll labelled POISADA QEPS.
  2356 | D:3      | 2356 ||| READING 3 scrolls of identify.
  2356 | D:3      | 2356 ||| IDENTIFYING pink potion
  2357 | D:3      | 2357 ||| READING 2 scrolls of identify.
  2357 | D:3      | 2357 ||| IDENTIFYING metallic pink potion
  2358 | D:3      | 2358 ||| DROPPING potion of enlightenment.
  2359 | D:3      | 2359 ||| DROPPING potion of degeneration.
  2433 | D:4      | Found an ancient bone altar of Kikubaaqudgha.
  2635 | D:4      | 2635 ||| Stepping ~*~*~tactically~*~*~ (stealth).
  2636 | D:4      | 2636 ||| Stepping ~*~*~tactically~*~*~ (stealth).
  2822 | D:4      | Noticed an ogre
  2828 | D:4      | Killed an ogre
  2829 | D:4      | Reached XP level 6. HP: 37/37 MP: 6/6
  2916 | D:4      | 2916 ||| DROPPING +0 mace.
  3020 | D:4      | 3020 ||| Stepping ~*~*~tactically~*~*~ (hiding).
  3173 | D:4      | You fall into a shaft and drop 3 floors!
  3183 | D:7      | 3183 ||| PLANNING OSSUARY
  3183 | D:7      | 3183 ||| Stepping ~*~*~tactically~*~*~ (hiding).
  3209 | D:7      | Noticed a sky beast
  3236 | D:7      | Killed a sky beast
  3299 | D:7      | Noticed a black bear
  3306 | D:7      | HP: 6/39 [black bear (6)]
  3307 | D:7      | 3307 ||| READING scroll of teleportation.
  3307 | D:7      | HP: 2/39 [black bear (4)]
  3308 | D:7      | 3308 ||| DRINKING potion of heal wounds.
  3310 | D:7      | Reached XP level 7. HP: 30/44 MP: 7/7
  3419 | D:7      | HP: 6/44 [ice beast (11)]
  3419 | D:7      | Mangled by an ice beast

Levels and vault maps discovered:
D:1:      minmay_arrival_loop, layout_rooms,
          shapermc_ecumenical_altar_flowoftime, palyth_stone_intersect,
          chequers_decorated_corner
D:2:      layout_rooms, kennysheep_decorative_pillar, dk_vineyard_1,
          grunt_ministairs_6
D:3:      layout_loops_ring, gup_sewer_entry_spiral, uniq_ijyb
D:4:      layout_loops_cross, nicolae_kikubaaqudgha_miasma_corner,
          serial_aquarium, aquarium_bridge_square [aquarium_subvault_bridge,
          aquarium_subvault_bridge, aquarium_subvault_balcony,
          aquarium_subvault_wall], aquarium_window_1, aquarium_window_2,
          aquarium_window_1, aquarium_view_2b, aquarium_pool_2,
          uniq_crazy_yiuf_cottage
D:7:      layout_loops_ring, lightli_ossuary_entry_decrepit_ruins,
          skrybe_limestone_x, kennysheep_opposing_triangles

Skill      XL: |  1  2  3  4  5  6  7 |
---------------+----------------------+-----
Axes           | 2 3 4 5 |  5.0
Shields        | 4 5 |  5.2
Fighting       | 4 |  4.4
Dodging        | 2 |  2.0
Armour         | |  3.2

Action                     |  1- 3 |  4- 6 |  7- 9 || total
---------------------------+-------+-------+-------++-------
  Melee: War axe           |    83 |   214 |    15 ||   312
  Throw: Boomerang         |       |    27 |     1 ||    28
    Use: Scroll            |     2 |     9 |       ||    11
         Potion            |       |     3 |       ||     3
 Armour: Scale mail        |    44 |   119 |     8 ||   171
  Dodge: Dodged            |    38 |    81 |     7 ||   126
  Block: Buckler           |    14 |    23 |       ||    37
         Kite shield       |       |    56 |     5 ||    61

Table legend:
 A = Non-vault XP
 B = Vault XP
 C = Vault XP percentage of total XP
 D = Non-vault monster count
 E = Vault monster count
 F = Vault count percentage of total count
                 A         B        C        D         E       F
            +---------+---------+-------+---------+---------+-------
      Total |     530 |     237 |  30.9 |      77 |      11 |  12.5
            +---------+---------+-------+---------+---------+-------
        D:1 |      17 |       0 |   0.0 |      10 |       0 |   0.0
        D:2 |     107 |      14 |  11.6 |      30 |       2 |   6.2
        D:3 |      30 |      61 |  67.0 |      19 |       7 |  26.9
        D:4 |     230 |       0 |   0.0 |      15 |       0 |   0.0
        D:7 |     146 |     162 |  52.6 |       3 |       2 |  40.0
            +---------+---------+-------+---------+---------+-------
